 Dungeon Crawl Stone Soup version 0.27-a0-1186-g8b4daa1eef (webtiles) character file.

Game seed: 18196194499528510060

12408 freelancePsychic the Zephyrmancer (level 11, -2/89 HPs)
             Began as a Demigod Air Elementalist on May 19, 2021.
             Slain by a black mamba (5 damage)
             ... on level 2 of the Lair of Beasts.
             The game lasted 00:41:08 (17295 turns).

freelancePsychic the Zephyrmancer (DgAE)           Turns: 17295, Time: 00:41:09

Health: -2/89      AC: 11    Str:  9    XL:     11   Next: 36%
Magic:  7/24       EV: 12    Int: 29    God:
Gold:   316        SH:  5    Dex: 14    Spells: 10/22 levels left

rFire    . . .     SeeInvis .   r - +4 spear (venom)
rCold    . . .     Faith    .   q - +0 buckler
rNeg     + . .     Spirit   .   d - +0 ring mail {Will+}
rPois    .         Reflect  .   o - +1 helmet
rElec    .         Harm     .   l - scarf {repulsion}
rCorr    .         Rampage  .   c - +0 pair of gloves
Will     ++...                  H - +0 pair of boots {Fly}
Stlth    +.........             (no amulet)
HPRegen  0.24/turn              v - ring of wizardry
MPRegen  0.19/turn              G - ring of positive energy

@: lethally poisoned (-2 -> -20), flying, repel missiles
A: high mp 1, forlorn
a: no special abilities


You were on level 2 of the Lair of Beasts.
You visited 2 branches of the dungeon, and saw 11 of its levels.
You also visited: Ossuary and Ice Cave.

You collected 604 gold pieces.
You spent 288 gold pieces at shops.

Inventory:

Hand Weapons
 r - a +4 spear of venom (weapon)
Armour
 a - a +0 robe
 c - a +0 pair of gloves (worn)
 d - a +0 ring mail of willpower (worn)
 g - +0 acid dragon scales
 l - a scarf of repulsion (worn)
 o - a +1 helmet (worn)
 q - a +0 buckler (worn)
 t - the +1 ring mail of the Shining Light {rF+++ Will- Dex+5}
   (You bought it in a shop on level 6 of the Dungeon)

   It affects your dexterity (+5).
   It renders you almost immune to fire.
   It decreases your willpower.
 H - a +0 pair of boots of flying (worn)
 I - a +2 kite shield
Jewellery
 v - a ring of wizardry (left hand)
 y - a ring of resist corrosion
 G - a ring of positive energy (right hand)
Wands
 j - a wand of iceblast (26)
 p - a wand of mindburst (9)
 D - a wand of polymorph (7)
 F - a wand of flame (13)
Scrolls
 b - a scroll of magic mapping
 f - a scroll of amnesia
 h - 6 scrolls of enchant weapon
 k - 4 scrolls of teleportation {@r4}
 s - a scroll of vulnerability
 w - 2 scrolls of identify {@r1}
 B - a scroll of silence
 J - 2 scrolls of immolation
Potions
 e - 2 potions of magic
 i - 4 potions of curing {@q1}
 m - a potion of attraction {unknown}
 n - 9 potions of heal wounds {@q2}
 u - 3 potions of lignification
 x - a potion of might {unknown}
 z - 4 potions of brilliance {unknown}
 A - 2 potions of berserk rage {unknown}
 C - 6 potions of flight
 E - 3 potions of resistance


   Skills:
 + Level 5.8 Fighting
 - Level 6.0 Armour
 - Level 5.0 Dodging
 - Level 1.7 Stealth
 - Level 4.0 Shields
 - Level 6.0 Spellcasting
 - Level 4.8 Conjurations
 + Level 11.2 Air Magic


You had 10 spell levels left.
You knew the following spells:

 Your Spells              Type           Power      Damage    Failure   Level
a - Shock                 Conj/Air       100%       1d9       1%          1
b - Static Discharge      Conj/Air       53%        N/A       1%          2
c - Airstrike             Air            32%        N/A       1%          4
d - Lightning Bolt        Conj/Air       26%        1d42      6%          5

Your spell library contained the following spells:

 Spells                   Type           Power      Damage    Failure   Level
 Swiftness                Air            65%        N/A       1%          3
 Apportation              Tloc           16%        N/A       6%          1
 Summon Small Mammal      Summ           32%        N/A       6%          1
 Summon Lightning Spire   Summ/Air       41%        N/A       6%          4
 Call Imp                 Summ           8%         N/A       9%          2
 Call Canine Familiar     Summ           8%         N/A       16%         3
 Lesser Beckoning         Tloc           4%         N/A       16%         3
 Summon Guardian Golem    Hex/Summ       8%         N/A       16%         3
 Tukima's Dance           Hex            8%         N/A       16%         3
 Summon Ice Beast         Ice/Summ       8%         N/A       45%         4
 Alistair's Intoxication  Tmut/Pois      5%         N/A       80%         5
 Invisibility             Hex            8%         N/A       100%        6


Dungeon Overview and Level Annotations

Branches:
Dungeon (9/15)             Temple (0/1) D:7            Lair (2/6) D:9
  Swamp (0/4) Lair:2        Snake (0/4) Lair:2      Ossuary (visited)
  IceCv (visited)
    Orc: D:9-12

Shops:
D:6 :[*

Annotations:
D:5 2 transporters, SkiChan's ghost, novice MiFi
Lair:1 Sonja


Innate Abilities, Weirdness & Mutations

Your attributes grow dramatically as you level up.
You have an increased reservoir of magic. (+10% MP)
You shall have no god before yourself.


Message History

The lightning grounds out.
The black mamba is struck by an arc of lightning!
You kill the black mamba!
You are struck by an arc of lightning.
The water moccasin is struck by an arc of lightning!
You kill the water moccasin!
The lightning grounds out.
The water moccasin is struck by an arc of lightning!
The water moccasin is severely wounded.
You are struck by an arc of lightning.
The water moccasin is struck by an arc of lightning.
The water moccasin is almost dead.
The lightning grounds out.
You feel sick.
Casting: Static Discharge (safe; 1% risk of failure)
Confirm with . or Enter, or press ? or * to list all spells.
The black mamba is struck by an arc of lightning!
The black mamba is moderately wounded.
The water moccasin is struck by an arc of lightning!
You kill the water moccasin!
The black mamba is struck by an arc of lightning.
The black mamba is moderately wounded.
The lightning grounds out.
You feel sick. The black mamba bites you!
* * * LOW HITPOINT WARNING * * *
The black mamba bites you.
* * * LOW HITPOINT WARNING * * *
You are lethally poisoned!
The black mamba poisons you!
Casting: Static Discharge (safe; 1% risk of failure)
Confirm with . or Enter, or press ? or * to list all spells.
The black mamba is struck by an arc of lightning.
The black mamba is heavily wounded.
You are struck by an arc of lightning.
* * * LOW HITPOINT WARNING * * *
The black mamba is struck by an arc of lightning.
The black mamba is severely wounded.
The lightning grounds out.
* * * LOW HITPOINT WARNING * * *
You feel very sick. The black mamba bites you.
You die...

......♣≈.........................
......♣≈......######.....##..###.
...........#...# *...#.*####...
####.#....#....# **..#****#...P
###..#...##....# *,..,**...###
.........##...## **,,,**P..* #
.....♣≈≈♣♣....##### *,,,**..,*
P..♣♣≈§§§§♣....#..# **,,***,,,***
P..♣♣≈§§§≈≈♣♣...@S#**,,,,**,,,,,,
≈.♣≈§§§§≈§§♣♣P.†........,,*,,,,,,
P..♣§§≈§§§§♣≈...........>,,,,,,,,
....≈♣≈≈≈♣♣....######...,,,,*****
......§≈♣♣♣....# *,..,,,** *
..............## *,,#*,,,* *
######........# **,,,*,,,** *
,*,***,,....##* **,,,****,,* *
*,,,*,,,,,,***** **,,,****,,,** *


You could see a black mamba.

Vanquished Creatures
  Erica (Lair:1)
  2 two-headed ogres
  An ugly thing (IceCv)
  3 black mambas (Lair:2)
  Joseph (D:7)
  A cane toad (Lair:1)
  4 komodo dragons
  Psyche (D:8)
  A troll (D:9)
  3 yaks (Lair:2)
  Menkaure (D:7)
  2 vampire mosquitoes (D:6)
  3 acid dragons
  8 water moccasins
  Duvessa (D:7)
  8 ice beasts
  A sky beast (D:7)
  2 necrophages (D:6)
  3 black bears (D:9)
  3 ogres
  A centaur (D:9)
  A kobold brigand (D:9)
  A wyvern zombie (D:5)
  10 bullfrogs
  Dowan (D:7)
  5 water moccasin zombies
  A water moccasin skeleton (D:7)
  3 killer bees (D:9)
  9 wights (D:8)
  4 howler monkeys
  3 electric eels (Lair:2)
  6 bullfrog zombies
  6 centaur zombies
  3 gnoll shamans
  3 orc priests
  A bullfrog skeleton (D:4)
  A centaur skeleton (D:5)
  3 iguanas
  4 orc wizards
  A scorpion zombie (D:5)
  4 hound zombies (D:5)
  2 hound skeletons (D:5)
  2 mummies (Ossuary)
  12 gnolls
  6 adders
  A howler monkey skeleton (D:5)
  2 shadow imps
  A white imp (D:5)
  5 adder zombies
  3 worms
  A dart slug (D:4)
  13 orcs
  11 ball pythons
  6 endoplasms
  4 giant cockroaches
  4 hobgoblins
  2 jackals (D:5)
  7 quokkas
  6 bats
  3 frilled lizards
  2 gnoll zombies (Ossuary)
  7 goblins
  6 hobgoblin zombies (Ossuary)
  6 kobolds
  5 kobold zombies (Ossuary)
  4 orc zombies (Ossuary)
  A quokka skeleton (D:4)
  4 rats
247 creatures vanquished.

Vanquished Creatures (others)
  31 fungi
  42 plants
  2 withered plants (D:5)
75 creatures vanquished.

Grand Total: 322 creatures vanquished

Notes
Turn   | Place    | Note
-------+----------+-------------------------------------------
     0 | D:1      | freelancePsychic the Demigod Air Elementalist began the
                  | quest for the Orb.
     0 | D:1      | Reached XP level 1. HP: 14/14 MP: 5/5
    21 | D:1      | Reached skill level 1 in Conjurations
   280 | D:1      | Reached skill level 3 in Air Magic
   414 | D:1      | Reached XP level 2. HP: 20/20 MP: 4/7
   473 | D:1      | Learned a level 2 spell: Static Discharge
  1717 | D:2      | Reached XP level 3. HP: 13/26 MP: 3/8
  2801 | D:2      | Reached XP level 4. HP: 33/33 MP: 8/10
  4187 | D:4      | Reached skill level 4 in Air Magic
  4263 | D:4      | Reached XP level 5. HP: 38/38 MP: 7/11
  4938 | D:5      | Entered Level 5 of the Dungeon
  5054 | D:5      | Reached XP level 6. HP: 37/45 MP: 3/13
  6413 | D:5      | Reached skill level 5 in Air Magic
  6541 | D:5      | Reached XP level 7. HP: 11/50 MP: 4/16
  7207 | D:5      | Reached skill level 1 in Fighting
  7437 | D:5      | Learned a level 4 spell: Airstrike
  7758 | D:5      | Found a transporter.
  7760 | D:5      | Noticed SkiChan's ghost (novice MiFi)
  7765 | D:5      | Found a transporter.
  7765 | D:5      | Identified the +4 great mace of Gissin {vorpal, rElec rPois
                  | Dex+4}
  7773 | D:5      | Reached skill level 6 in Air Magic
  8187 | D:5      | Reached XP level 8. HP: 52/62 MP: 8/17
  8748 | D:6      | Found Onaqef's Antique Armour Shoppe.
  8765 | D:6      | Bought a crude ring mail for 288 gold pieces
  8765 | D:6      | Identified the +1 ring mail of the Shining Light {rF+++
                  | Will- Dex+5} (You bought it in a shop on level 6 of the
                  | Dungeon)
  8815 | D:6      | Learned a level 5 spell: Lightning Bolt
  8828 | D:6      | Found Musmunt's Book Emporium.
  8837 | D:6      | Noticed a two-headed ogre
  8912 | D:6      | Reached skill level 7 in Air Magic
  9249 | D:6      | Found Zacin's General Store.
  9312 | D:7      | Noticed Joseph
  9412 | D:7      | Reached skill level 5 in Fighting
  9483 | D:7      | Noticed Menkaure
  9783 | D:6      | Killed a two-headed ogre
  9784 | D:6      | Reached skill level 8 in Air Magic
  9784 | D:6      | Reached XP level 9. HP: 73/74 MP: 15/18
 10147 | D:7      | Killed Joseph
 10339 | D:7      | Killed Menkaure
 10507 | D:7      | Reached skill level 5 in Dodging
 10664 | D:7      | Reached skill level 1 in Armour
 10664 | D:7      | Reached skill level 9 in Air Magic
 10778 | D:7      | Noticed Duvessa
 10781 | D:7      | Killed Duvessa
 11298 | D:7      | Found a staircase to the Ecumenical Temple.
 11647 | D:7      | Noticed Dowan
 11649 | D:7      | Killed Dowan
 11699 | D:8      | Noticed a two-headed ogre
 11732 | D:8      | Killed a two-headed ogre
 11733 | D:8      | Reached XP level 10. HP: 26/81 MP: 5/19
 11851 | D:8      | Found a sand-covered staircase.
 11859 | Ossuary  | Entered an ossuary
 12353 | D:8      | Noticed Psyche
 12363 | D:8      | Killed Psyche
 12608 | D:8      | Reached skill level 10 in Air Magic
 13354 | D:8      | Reached skill level 5 in Armour
 14059 | D:9      | Found a staircase to the Lair.
 14570 | D:9      | Reached skill level 1 in Shields
 14650 | D:9      | Noticed a sun demon
 14668 | Lair:1   | Entered Level 1 of the Lair of Beasts
 15264 | Lair:1   | Noticed Erica
 15436 | Lair:1   | Noticed Sonja
 15542 | Lair:1   | Killed Erica
 16030 | Lair:2   | Reached XP level 11. HP: 82/86 MP: 1/22
 16195 | Lair:2   | Found a frozen archway.
 16202 | Lair:2   | Reached skill level 5 in Spellcasting
 16220 | IceCv    | Entered an ice cave
 16229 | IceCv    | Found a transporter.
 17010 | Lair:2   | Found a staircase to the Swamp.
 17291 | Lair:2   | Reached skill level 11 in Air Magic
 17295 | Lair:2   | HP: 3/89 [poisoned by a black mamba]
 17295 | Lair:2   | Slain by a black mamba

Illustrated notes

Levels and vault maps discovered:
D:1:      minmay_arrival_shattered_statue, layout_basic,
          hellmonk_ecumenical_altar_run_dry
D:2:      layout_basic, minmay_hexomino_c4
D:3:      layout_rooms
D:4:      layout_basic
D:5:      layout_basic, gammafunk_ghost_smash, serial_undead, serial_undead_d,
          serial_undead_e, serial_undead_d, serial_undead_a, serial_undead_e,
          serial_undead_a, hex_intersection
D:6:      layout_loops_ring, serial_shops,
          nicolae_shop_temple_entry_statues_fountains, shop_statue, shop_coins
D:7:      layout_rooms, temple_hall, minmay_misc_feat_enclosed, uniq_duvessa,
          uniq_joseph, uniq_menkaure
D:8:      layout_loops_ring, nicolae_ru_sacrificial_ziggurat,
          nicolae_ossuary_entry_monument, bh_walls_and_bars, uniq_psyche
D:9:      layout_roguey, due_lair_maze_entry_diamond, fountainhead,
          lemuel_flamethrower_1
Lair:1:   layout_regular_city, hangedman_lair_unloving_vines, lemuel_fruit_tree,
          uniq_sonja, uniq_erica
Lair:2:   layout_regular_city, swamp_mist_pool,
          minmay_snake_entry_six_corridors, serial_bayou, serial_bayou_lagoon_a,
          serial_bayou_pond_d, serial_bayou_pond_e, serial_bayou_ford_a,
          portal_ice_cave_entry_pillars_1

Skill      XL: |  1  2  3  4  5  6  7  8  9 10 11 |
---------------+----------------------------------+-----
Conjurations   | 1 2 3 4 |  4.8
Air Magic      | 3 4 5 6 8 9 10 11 | 11.2
Spellcasting   | 2 3 4 6 |  6.0
Fighting       | 2 5 |  5.8
Dodging        | 3 5 |  5.0
Armour         | 3 6 |  6.0
Shields        | 3 4 |  4.0
Stealth        | |  1.7

Action                   |  1- 3 |  4- 6 |  7- 9 | 10-12 || total
-------------------------+-------+-------+-------+-------++-------
Melee: Dagger            |     8 |    37 |       |       ||    45
       Spear             |       |     1 |    74 |   166 ||   241
 Cast: Shock             |    62 |    88 |    54 |       ||   204
       Static Discharge  |    17 |    50 |    88 |    65 ||   220
       Airstrike         |       |       |    22 |    61 ||    83
       Lightning Bolt    |       |       |    10 |     2 ||    12
Evoke: Wand              |       |       |     3 |       ||     3
  Use: Scroll            |       |     7 |     8 |    11 ||    26
 Stab: Sleeping          |     1 |     3 |       |     2 ||     6
Armor: Robe              |     2 |    21 |    44 |     7 ||    74
       Ring mail         |       |       |       |   100 ||   100
Dodge: Dodged            |    13 |    54 |   100 |   133 ||   300
       Repelled          |       |       |     2 |       ||     2
Block: Buckler           |       |       |       |     1 ||     1

Table legend: (Time is in decaauts)
 A = Elapsed time spent in this place.
 B = Non-inter-level travel time spent in this place.
 C = Inter-level travel time spent in this place.
 D = Time resting spent in this place.
 E = Time spent auto-exploring this place.
 F = Levels seen in this place.
 G = Mean time per level.
                   A        B        C        D        E       F      G
               +--------+--------+--------+--------+--------+-----+--------+
         Total |  17336 |  16863 |    473 |   4233 |  10278 |  13 | 1333.5 |
       Dungeon |  14276 |  13852 |    424 |   2951 |   9034 |   9 | 1586.2 |
          Lair |   2267 |   2218 |     49 |    882 |   1078 |   2 | 1133.5 |
       Ossuary |    429 |    429 |      0 |    112 |    166 |   1 |  429.0 |
      Ice Cave |    363 |    363 |      0 |    288 |      0 |   1 |  363.0 |
               +--------+--------+--------+--------+--------+-----+--------+

Top non-repeatable levels by time:
     D:5: 2925 daAuts
     D:6: 1973 daAuts
     D:1: 1780 daAuts
     D:4: 1592 daAuts
     D:8: 1584 daAuts
  Lair:1: 1499 daAuts
     D:7: 1328 daAuts
     D:2: 1267 daAuts
     D:9: 975 daAuts
     D:3: 850 daAuts
  Lair:2: 768 daAuts
 Ossuary: 429 daAuts
   IceCv: 363 daAuts
